 Dungeon Crawl Stone Soup version 0.32-a0-576-g706899e69d (webtiles) character file.

Game seed: 12842319301269995965

4503 Pooter the Cleaver (level 10, -5/132 HPs)
             Began as a Minotaur Berserker on Mar 2, 2024.
             Was an Elder of Trog.
             Incinerated by a smoke demon (6 damage)
             ... with a pyre arrow
             ... on level 1 of the Abyss.
             The game lasted 00:35:58 (8449 turns).

Pooter the Cleaver (Minotaur Berserker)             Turns: 8449, Time: 00:35:59

Health: -5/132     AC: 10    Str: 26    XL:     10   Next: 16%
Magic:  9/9        EV:  9    Int:  4    God:    Trog [****..]
Gold:   341        SH:  0    Dex: 10    Spells: 9/9 levels left

rFire   . . .        a - +0 battleaxe
rCold   + . .        (shield currently unavailable)
rNeg    + . .        g - +1 chain mail
rPois   .            (helmet restricted)
rElec   .            K - scarf {repulsion}
rCorr   .            y - +0 pair of gloves
SInv    .            (no boots)
Will    .....        (no amulet) Stlth
                     I - ring of protection from cold
HPRegen 0.42/turn    N - ring of positive energy
MPRegen 0.11/turn

%: repel missiles
@: berserking (expiring), on fire, glowing, very quick
A: horns 2, retaliatory headbutt
a: Renounce Religion, Berserk, Trog's Hand, Brothers in Arms


You were on level 1 of the Abyss.
You worshipped Trog.
Trog was greatly pleased with you.
You visited 1 branch of the dungeon, and saw 8 of its levels.
You visited the Abyss 1 time.
You also visited: Ossuary.

You collected 497 gold pieces.
You spent 156 gold pieces at shops.

Inventory:

Hand Weapons
 a - a +0 battleaxe (weapon)
   (You took it off an orc warrior on level 7 of the Dungeon)
 b - a +0 arbalest
   (You took it off an orc warrior on level 7 of the Dungeon)
 v - a +0 hand axe
 H - a +0 sling
   (You found it on level 2 of the Dungeon)
 M - a +0 trident
   (You took it off an orc priest on level 7 of the Dungeon)
 P - a +0 orcbow
   (You took it off a centaur on level 6 of the Dungeon)
 R - a +0 morningstar
   (You took it off an orc on level 4 of the Dungeon)
Missiles
 k - 8 boomerangs (quivered)
 p - 2 throwing nets {!f}
 s - 10 atropa-tipped darts
 J - 8 poisoned darts
 L - 2 silver javelins
 O - a curare-tipped dart
 Q - 88 stones
Armour
 g - a +1 chain mail (worn)
   (You found it on level 1 of the Dungeon)
 y - a +0 pair of gloves (worn)
   (You found it on level 4 of the Dungeon)
 K - a scarf of repulsion (worn)
   (You bought it in a shop on level 6 of the Dungeon)
Jewellery
 q - a +6 ring of intelligence
   (You found it on level 3 of the Dungeon)
 I - a ring of protection from cold (left hand)
   (You found it on level 2 of the Dungeon)
 N - a ring of positive energy (right hand)
   (You found it on level 5 of the Dungeon)
Wands
 f - a wand of flame (40)
   (You took it off Jessica on level 3 of the Dungeon)
 u - a wand of paralysis (8)
   (You took it off Pikel on level 5 of the Dungeon)
 x - a wand of mindburst (8)
   (You found it on level 4 of the Dungeon)
Scrolls
 d - 3 scrolls of poison {unknown}
 e - 2 scrolls of revelation
 l - a scroll of noise {!r}
 n - 2 scrolls of fog
 o - 3 scrolls of immolation {!r}
 t - 5 scrolls of teleportation {@r4}
 B - a scroll of blinking
 C - 3 scrolls of enchant weapon {unknown}
 D - 2 scrolls of brand weapon {unknown}
Potions
 c - a potion of brilliance {unknown}
 h - 3 potions of mutation {unknown}
 i - 2 potions of haste {unknown}
 j - a potion of enlightenment {unknown}
 m - 2 potions of lignification {unknown}
 r - 2 potions of might {unknown}
 w - a potion of invisibility {unknown}
 z - a potion of berserk rage {unknown}
 A - 4 potions of curing {unknown}
 E - 4 potions of heal wounds {unknown}
 F - a potion of resistance {unknown}
 G - a potion of degeneration {unknown}


   Skills:
 + Level 8.1 Fighting
 * Level 11.2 Axes
 * Level 9.1 Ranged Weapons
 - Level 2.4 Armour
 - Level 2.1 Dodging
 - Level 2.3 Stealth
 + Level 4.6 Evocations


You had 9 spell levels left.
You didn't know any spells.
Your spell library was empty.

Dungeon Overview and Level Annotations

Branches:
Dungeon (8/15) Zot: 25617  Temple (0/1) D:4         Ossuary (visited)
   Lair: D:8-11

Altars:
Kikubaaqudgha
Ru
Trog
Uskayaw
Vehumet
Wu Jian
The Shining One

Shops:
D:6 *


Innate Abilities, Weirdness & Mutations

You have a pair of horns on your head.
You reflexively headbutt those who attack you in melee.


Message History

The pyre arrow is repelled.
You shoot a bolt. The bolt barely misses the smoke demon.
The liquid fire burns you!
* * * LOW HITPOINT WARNING * * *
The smoke demon gestures at you. The pyre arrow hits you.
You are even more covered in intense liquid fire!
a - a +0 battleaxe (weapon)
The liquid fire burns you!
* * * LOW HITPOINT WARNING * * *
A red film seems to cover your vision as you go berserk!
You feel yourself moving faster!
You feel mighty! The liquid fire burns you!
* * * LOW HITPOINT WARNING * * *
The smoke demon gestures at you. Something smites you!
* * * LOW HITPOINT WARNING * * *
You shake off some of the fire as you move.
You feel a strong urge to attack something.
The liquid fire burns you!
* * * LOW HITPOINT WARNING * * *
You barely miss the smoke demon. The liquid fire burns you!
* * * LOW HITPOINT WARNING * * *
The smoke demon barely misses you. You furiously retaliate!
You headbutt the smoke demon! The smoke demon completely misses you.
The smoke demon hits you.
* * * LOW HITPOINT WARNING * * *
You shake off some of the fire as you move.
The liquid fire burns you!
* * * LOW HITPOINT WARNING * * *
The smoke demon barely misses you. The smoke demon hits you.
* * * LOW HITPOINT WARNING * * *
The smoke demon hits you but does no damage.
Unknown command.
Unknown command.
You shake off some of the fire as you move.
You feel a strong urge to attack something.
The liquid fire burns you!
* * * LOW HITPOINT WARNING * * *
You closely miss the smoke demon. Your headbutt misses the smoke demon.
The liquid fire burns you!
* * * LOW HITPOINT WARNING * * *
The smoke demon hits you.
* * * LOW HITPOINT WARNING * * *
The smoke demon hits you but does no damage. x2
Unknown command.
You barely miss the smoke demon. The liquid fire burns you!
You die...

.....~≈≈≈≈
#....~≈≈≈~
....#~≈≈# #.
#....~≈~#. #.
#....~≈~'. #.#
#....~~~#'
#...#....~~≈≈≈
.#..@....#
#.#.3...#.# ##
#.#.#..## #
#......### # #
#.#.#.##..## .
.>##..#..# .# .#
.
#...#..##.#._#.#
# .# #.
#.........#.# .>
. #
.##...###.♣#....
...#..


You could see a smoke demon.

Vanquished Creatures
  Pikel (D:5)
  A manticore (D:8)
  Grinder (D:6)
  A wraith (D:8)
  3 humans (D:7)
  An acid dragon (D:8)
  A water moccasin (D:8)
  2 black bears
  An orc warrior (D:7)
  An ogre (D:4)
  3 centaurs
  A phantom (D:4)
  3 lemures (D:5)
  2 kobold brigands
  5 bullfrogs
  A scorpion (D:5)
  3 killer bees (D:7)
  A howler monkey (D:8)
  3 hounds
  2 gnoll boudas
  3 bombardier beetles
  4 orc priests
  2 jellies (D:6)
  Jessica (D:3)
  4 iguanas
  3 scorpion zombies (D:6)
  4 orc wizards
  4 hound zombies (Ossuary)
  4 mummies (Ossuary)
  3 howler monkey skeletons (D:6)
  9 adders
  16 gnolls
  3 white imps
  6 ufetubi
  2 adder zombies (Ossuary)
  4 dart slugs
  3 ribbon worms
  41 orcs
  11 endoplasms
  2 giant cockroaches
  A gnoll zombie (Ossuary)
  6 goblins
  17 hobgoblins
  4 jackals (D:1)
  8 quokkas
  5 ball pythons
  5 bats
  2 frilled lizards
  A hobgoblin zombie (Ossuary)
  A jackal zombie (Ossuary)
  19 kobolds
  An orc zombie (Ossuary)
  4 rats
  2 rat zombies (Ossuary)
242 creatures vanquished.

Notes
Turn   | Place    | Note
-------+----------+-------------------------------------------
     0 | D:1      | Pooter the Minotaur Berserker began the quest for the Orb.
     0 | D:1      | Reached XP level 1. HP: 19/19 MP: 0/0
   175 | D:1      | Reached XP level 2. HP: 27/27 MP: 1/1
   200 | D:1      | Reached skill level 4 in Axes
   325 | D:1      | Reached skill level 1 in Stealth
   755 | D:2      | Reached XP level 3. HP: 33/33 MP: 2/2
   949 | D:2      | Reached ** piety under Trog
  1452 | D:3      | Reached XP level 4. HP: 36/40 MP: 3/3
  1709 | D:3      | Reached skill level 5 in Axes
  1763 | D:3      | Reached skill level 1 in Ranged Weapons
  1763 | D:3      | Reached XP level 5. HP: 47/47 MP: 4/4
  1929 | D:3      | Found an ancient bone altar of Kikubaaqudgha.
  1971 | D:3      | Noticed Jessica
  1980 | D:3      | Killed Jessica
  2102 | D:3      | Found a bloodstained altar of Trog.
  2102 | D:3      | Found a sacrificial altar of Ru.
  2202 | D:4      | Noticed an ogre
  2210 | D:4      | Killed an ogre
  2211 | D:4      | Reached XP level 6. HP: 33/55 MP: 5/5
  2337 | D:4      | Reached skill level 6 in Axes
  2346 | D:4      | Found a radiant altar of Vehumet.
  2472 | D:4      | Reached skill level 5 in Fighting
  2483 | D:4      | Reached *** piety under Trog
  2644 | D:4      | Found a staircase to the Ecumenical Temple.
  2825 | D:4      | Found a hide-covered altar of Uskayaw.
  3004 | D:5      | Entered Level 5 of the Dungeon
  3011 | D:5      | Reached skill level 1 in Evocations
  3019 | D:5      | Reached XP level 7. HP: 47/61 MP: 6/6
  3410 | D:5      | Reached skill level 7 in Axes
  3902 | D:5      | Reached **** piety under Trog
  4155 | D:5      | Noticed Pikel
  4170 | D:5      | Killed Pikel
  4171 | D:5      | Reached skill level 8 in Axes
  4171 | D:5      | Reached skill level 5 in Ranged Weapons
  4171 | D:5      | Reached XP level 8. HP: 69/70 MP: 7/7
  4314 | D:5      | Found a glowing golden altar of the Shining One.
  4489 | D:6      | Found a sand-covered staircase.
  4494 | Ossuary  | Entered an ossuary
  4855 | D:6      | Noticed Grinder
  4860 | D:6      | Killed Grinder
  4861 | D:6      | Reached skill level 9 in Axes
  4978 | D:6      | Reached XP level 9. HP: 78/78 MP: 8/8
  5103 | D:6      | Found Lereu's Neck Hole.
  5108 | D:6      | Bought a scarf of repulsion for 156 gold pieces
  5499 | D:6      | Found an ornate altar of the Wu Jian Council.
  5921 | D:7      | Reached skill level 10 in Axes
  8134 | D:8      | Noticed a manticore
  8139 | D:8      | Reached XP level 10. HP: 67/88 MP: 9/9
  8146 | D:8      | Reached skill level 11 in Axes
  8149 | D:8      | Killed a manticore
  8418 | Abyss:1  | Cast into level 1 of the Abyss (gnoll)
  8424 | Abyss:1  | Found a corrupted altar of Lugonu.
  8436 | Abyss:1  | Noticed a smoke demon
  8448 | Abyss:1  | HP: 6/132 [burnt (4)]
  8448 | Abyss:1  | HP: 1/132 [smoke demon (5)]
  8449 | Abyss:1  | Incinerated by a smoke demon

Illustrated notes

Levels and vault maps discovered:
D:1:      dpeg_arrival_castle, layout_loops_ring, kennysheep_minor_cross,
          serial_bayou_lagoon_a
D:2:      layout_basic
D:3:      minmay_diamond_boxcup, layout_basic,
          gammafunk_temple_overflow_elements, general_overflow_altar,
          uniq_jessica
D:4:      nicolae_BIG_FREAKIN_CUBE, layout_gridville, nicolae_vehumet_radiance,
          mainiacjoe_overflow_alcove_2
D:5:      corexii_shantytown, layout_basic, nicolae_tso_swordbearing_angel,
          st_stairs_13, feat_on_display, uniq_pikel
D:6:      layout_loops_ring, nzn_wu_jian_council_hall,
          mainiacjoe_ossuary_entry_find_the_door,
          nicolae_shop_sticking_my_neck_out, uniq_grinder
D:7:      layout_basic, minmay_ruffians
D:8:      kennysheep_housing_project, layout_cave_pods
Abyss:1:  base:
D:1

Skill      XL: |  1  2  3  4  5  6  7  8  9 10 |
---------------+-------------------------------+-----
Axes           | 4 5 6 8 9 10 11 | 11.2
Stealth        | 1 2 |  2.3
Fighting       | 4 5 6 7 8 |  8.1
Ranged Weapons | 1 2 3 5 6 8 9 |  9.1
Evocations     | 1 2 3 4 |  4.6
Armour         | |  2.4
Dodging        | |  2.1

Action                     |  1- 3 |  4- 6 |  7- 9 | 10-12 || total
---------------------------+-------+-------+-------+-------++-------
  Melee: Hand axe          |    77 |   125 |       |       ||   202
         Headbutt          |    17 |    18 |    52 |     4 ||    91
         Morningstar       |       |    23 |   313 |       ||   336
         Battleaxe         |       |       |    11 |    23 ||    34
   Fire: Sling             |    14 |    32 |    23 |       ||    69
         Orcbow            |       |       |    69 |       ||    69
         Arbalest          |       |       |    24 |     7 ||    31
  Throw: Boomerang         |       |     1 |    14 |       ||    15
         Javelin           |       |       |       |     2 ||     2
 Invoke: Berserk           |       |     3 |     8 |     2 ||    13
         Trog's Hand       |       |     3 |     7 |     2 ||    12
  Evoke: Wand              |       |     4 |     3 |       ||     7
    Use: Scroll            |     2 |     3 |     5 |       ||    10
   Stab: Paralysed         |       |       |     3 |       ||     3
 Armour: Animal skin       |    10 |       |       |       ||    10
         Chain mail        |    38 |   106 |   384 |    33 ||   561
  Dodge: Dodged            |    42 |    82 |   232 |    19 ||   375
         Repelled          |       |       |    15 |     2 ||    17

Table legend: (Time is in decaauts)
 A = Elapsed time spent in this place.
 B = Non-inter-level travel time spent in this place.
 C = Inter-level travel time spent in this place.
 D = Time resting spent in this place.
 E = Time spent auto-exploring this place.
 F = Levels seen in this place.
 G = Mean time per level.
                   A        B        C        D        E       F      G
               +--------+--------+--------+--------+--------+-----+--------+
         Total |   8722 |   8606 |    116 |   1917 |   4908 |  10 |  872.2 |
       Dungeon |   8422 |   8306 |    116 |   1839 |   4813 |   8 | 1052.8 |
         Abyss |     31 |     31 |      0 |      2 |      0 |   1 |   31.0 |
       Ossuary |    268 |    268 |      0 |     76 |     95 |   1 |  268.0 |
               +--------+--------+--------+--------+--------+-----+--------+

Top non-repeatable levels by time:
     D:7: 1520 daAuts
     D:5: 1509 daAuts
     D:8: 1381 daAuts
     D:6: 950 daAuts
     D:3: 850 daAuts
     D:4: 828 daAuts
     D:1: 723 daAuts
     D:2: 659 daAuts
 Ossuary: 268 daAuts
 Abyss:1: 31 daAuts
